 Dungeon Crawl Stone Soup version 0.22.0-18-ge075c0de6d (webtiles) character file.

530 Kirk the Chopper (level 7, 8/52 HPs)
             Began as a Demonspawn Gladiator on Aug 19, 2018.
             Quit the game on level 4 of the Dungeon.
             The game lasted 00:04:52 (2649 turns).

Kirk the Chopper (Demonspawn Gladiator)             Turns: 2649, Time: 00:04:53

Health: 8/52       AC: 15    Str: 17    XL:     7   Next: 3%
Magic:  7/7        EV: 10    Int:  9    God:
Gold:   159        SH:  0    Dex: 14    Spells: 6/6 levels left

rFire    . . .     SeeInvis .   a - +0 war axe
rCold    . . .     Gourm    .   (no shield)
rNeg     . . .     Faith    .   l - +0 scale mail
rPois    .         Spirit   .   c - +0 helmet
rElec    .         Reflect  .   o - +0 cloak
rCorr    .         Harm     .   (no gloves)
MR       .....                  j - +0 pair of boots
Stlth    +.........             k - amulet of regeneration
HPRegen  0.57/turn              (no ring)
MPRegen  0.10/turn              (no ring)

@: sanguine armour
A: claws 2, nightstalker 1, sanguine armour 1
a: no special abilities


You were on level 4 of the Dungeon.
You were not hungry.

You visited 1 branch of the dungeon, and saw 4 of its levels.

You collected 239 gold pieces.
You spent 80 gold pieces at shops.

Inventory:

Hand Weapons
 a - a +0 war axe (weapon)
 q - a +1 trident of piercing
Missiles
 d - a throwing net (quivered)
Armour
 c - a +0 helmet (worn)
 e - a +0 buckler
 j - a +0 pair of boots (worn)
 l - a +0 scale mail (worn)
 o - a +0 cloak (worn)
Jewellery
 k - an amulet of regeneration (around neck)
Scrolls
 b - 5 scrolls of identify
 g - a scroll of magic mapping {unknown}
 h - a scroll of random uselessness {unknown}
 i - 3 scrolls of teleportation
 m - 3 scrolls of remove curse
 n - 2 scrolls of enchant armour {unknown}
Comestibles
 f - 5 rations
 p - 3 chunks of flesh


   Skills:
 + Level 3.0 Fighting
 * Level 6.7 Axes
 - Level 1.7 Throwing
 + Level 1.7 Armour
 - Level 2.6 Dodging


You had 6 spell levels left.
You didn't know any spells.
Your spell library contained the following spells:

 Spells                   Type           Power        Failure   Level  Hunger
 Confusing Touch          Hex            #.....       80%         1    ##.....
 Confuse                  Hex            #.......     99%         3    ####...
 Gell's Gravitas          Tloc           #.........   99%         3    ####...
 Petrify                  Tmut/Erth      #.......     100%        4    #####..
 Metabolic Englaciation   Hex/Ice        #.........   100%        5    ######.
 Yara's Violent Unravell  Hex/Tmut       #.........   100%        5    ######.


Dungeon Overview and Level Annotations

Branches:
Dungeon (4/15)
 Temple: D:4-7

Altars:
Gozag
Makhleb
Yredelemnul

Shops:
D:4 ?


Innate Abilities, Weirdness & Mutations

You have very sharp fingernails.
You are slightly more attuned to the shadows.
When seriously injured, your bleeding wounds create armour. (AC +6)


Message History

You hit the centaur but do no damage. The centaur barely misses you.
The centaur hits you but does no damage.
You slash the centaur!
The centaur is heavily wounded.
The centaur hits you!
* * * LOW HITPOINT WARNING * * *
The centaur hits you.
* * * LOW HITPOINT WARNING * * *
You slash the centaur!
The centaur is severely wounded.
The centaur hits you but does no damage.
The centaur barely misses you.
You slash the centaur!
You kill the centaur!
You have reached level 7!
Your demonic ancestry asserts itself...
You feel your blood ready itself to protect you.
Your blood congeals into armour.
Unknown command.
Are you sure you want to abandon this character and quit the game? (Confirm with "yes".)

........# #......#.#...#.....##
........# #......#.##.##.....#
........# #......#...........#
........# #....(.#+#...####+##
........# #....(.............
##.....######....(.............
##.....#.........(.............
.........#.....................
..(......#......@..............
.........+......).(......###+##
.........#..............#.....#
##.......########+#.....#.....# .
##.......##.......#.....#.....# .
##........#.......#.....+.....# .
##........#.......+.....#.....##.
.#.......##.......#.....#..∩).##.
.+...[...##.......# +...?.'..


There were no monsters in sight!

Vanquished Creatures
  An ogre (D:4)
  A centaur (D:4)
  A scorpion (D:2)
  2 orc priests
  2 orc wizards (D:4)
  Crazy Yiuf (D:3)
  Terence (D:3)
  A worker ant (D:4)
  A howler monkey skeleton (D:3)
  3 adders
  A worm (D:3)
  2 dart slugs (D:1)
  11 orcs
  2 ball pythons (D:2)
  8 bats
  5 giant cockroaches
  12 goblins
  3 hobgoblins
  4 jackals (D:1)
  2 quokkas
  3 frilled lizards
  A jackal skeleton (D:4)
  7 kobolds
  4 rats
79 creatures vanquished.

Notes
Turn   | Place    | Note
-------+----------+-------------------------------------------
     0 | D:1      | Kirk the Demonspawn Gladiator began the quest for the Orb.
     0 | D:1      | Reached XP level 1. HP: 16/16 MP: 1/1
    68 | D:1      | Reached skill level 3 in Axes
    69 | D:1      | Gained mutation: You have sharp fingernails. [demonic ancestry]
    69 | D:1      | Reached XP level 2. HP: 17/22 MP: 2/2
   252 | D:1      | Gained mutation: You have very sharp fingernails. [demonic ancestry]
   252 | D:1      | Reached XP level 3. HP: 18/27 MP: 3/3
   901 | D:2      | Noticed a scorpion
   911 | D:2      | Killed a scorpion
   911 | D:2      | Reached skill level 4 in Axes
   911 | D:2      | Gained mutation: You are slightly more attuned to the shadows. [demonic ancestry]
   911 | D:2      | Reached XP level 4. HP: 31/34 MP: 4/4
  1183 | D:3      | Found a burning altar of Makhleb.
  1183 | D:3      | Found a basalt altar of Yredelemnul.
  1259 | D:3      | Reached skill level 5 in Axes
  1259 | D:3      | Reached XP level 5. HP: 18/39 MP: 5/5
  1881 | D:3      | Noticed Terence
  1888 | D:3      | Killed Terence
  2128 | D:3      | Found a runed door.
  2132 | D:3      | Noticed Crazy Yiuf
  2138 | D:3      | Killed Crazy Yiuf
  2381 | D:4      | Reached skill level 1 in Armour
  2422 | D:4      | Reached XP level 6. HP: 46/46 MP: 6/6
  2511 | D:4      | Reached skill level 6 in Axes
  2571 | D:4      | Found Toriff's Magic Scroll Shop.
  2582 | D:4      | Bought a scroll of teleportation for 30 gold pieces
  2582 | D:4      | Bought a scroll of identify for 20 gold pieces
  2582 | D:4      | Bought a scroll of teleportation for 30 gold pieces
  2598 | D:4      | Found an opulent altar of Gozag.
  2648 | D:4      | Gained mutation: When seriously injured, your bleeding wounds create armour. (AC +6) [demonic ancestry]
  2648 | D:4      | Reached XP level 7. HP: 8/52 MP: 7/7
  2649 | D:4      | Quit the game

Skill      XL: |  1  2  3  4  5  6 |
---------------+-------------------+-----
Axes           | 3 4 5 6 |  6.7
Armour         | 1 |  1.7
Fighting       | 3 |  3.0
Throwing       | |  1.7
Dodging        | |  2.6

Action                   |  1- 3 |  4- 6 |  7- 9 || total
-------------------------+-------+-------+-------++-------
Melee: War axe           |   103 |   145 |       ||   248
Throw: Throwing net      |     1 |     2 |       ||     3
  Use: Scroll            |     1 |     3 |       ||     4
       Potion            |       |     2 |       ||     2
 Stab: Held in net/web   |     2 |       |       ||     2
  Eat: Chunk             |       |     6 |       ||     6
Armor: Leather armour    |    40 |       |       ||    40
       Scale mail        |    18 |    80 |       ||    98
Dodge: Dodged            |    85 |    93 |       ||   178
